 Dungeon Crawl Stone Soup version 0.25.0-26-g0c896c7088 (webtiles) character file.

Game seed: 17089227112680825246

6955 Morg0th the Bludgeoner (level 10, -6/105 HPs)
             Began as a Minotaur Berserker on July 5, 2020.
             Was an Elder of Trog.
             Mangled by a death yak (13 damage)
             ... on level 8 of the Dungeon.
             The game lasted 00:46:54 (9737 turns).

Morg0th the Bludgeoner (Minotaur Berserker)         Turns: 9737, Time: 00:46:55

Health: -6/105     AC:  7    Str: 22    XL:     10   Next: 80%
Magic:  9/9        EV: 12    Int:  8    God:    Trog [****..]
Gold:   424        SH:  0    Dex: 17    Spells: 9/9 levels left

rFire    . . .     SeeInvis .   a - +1 mace
rCold    . . .     Gourm    .   (no shield)
rNeg     . . .     Faith    .   m - +2 ring mail {rPois}
rPois    +         Spirit   .   (helmet restricted)
rElec    .         Reflect  +   (no cloak)
rCorr    .         Harm     .   e - +0 pair of gloves
MR       .....                  (no boots)
Stlth    ..........             q - amulet of reflection
HPRegen  0.27/turn              s - ring of flight
MPRegen  0.11/turn              n - +6 ring of dexterity

@: confused
A: retaliatory headbutt, horns 2, clever 1, deformed body, robust 1
a: Berserk, Trog's Hand, Brothers in Arms, Renounce Religion, Evoke Flight


You were on level 8 of the Dungeon.
You worshipped Trog.
Trog was greatly pleased with you.
You were hungry.

You visited 2 branches of the dungeon, and saw 10 of its levels.

You collected 424 gold pieces.

Inventory:

Hand Weapons
 a - a +1 mace (weapon)
Missiles
 g - 131 stones
 l - 32 poisoned darts (quivered)
 v - 71 arrows
Armour
 e - a +0 pair of gloves (worn)
 m - a +2 ring mail of poison resistance (worn)
Jewellery
 n - a +6 ring of dexterity (right hand)
 q - an amulet of reflection (around neck)
 s - a ring of flight (left hand)
 w - an uncursed amulet of guardian spirit
Wands
 h - a wand of iceblast (12)
 o - a wand of flame (23)
Scrolls
 b - a scroll of blinking
 d - a scroll of fog {unknown}
 j - 5 scrolls of remove curse
 p - 3 scrolls of teleportation
 t - a scroll of identify
 u - 2 scrolls of magic mapping
Potions
 f - a potion of might
 i - 3 potions of curing
 k - 2 potions of flight
 r - 3 potions of resistance
Comestibles
 c - 12 rations


   Skills:
 + Level 11.3 Fighting
 + Level 15.1 Maces & Flails
 - Level 6.4 Armour
 - Level 2.1 Dodging


You had 9 spell levels left.
You didn't know any spells.
Your spell library was empty.

Dungeon Overview and Level Annotations

Branches:
Dungeon (9/15)             Temple (1/1) D:4
   Lair: D:8-11         Orc: D:9-12

Altars:
Ashenzari
Cheibriados
Dithmenos
Elyvilon
Fedhas
Gozag
Hepliaklqana
Kikubaaqudgha
Makhleb
Nemelex Xobeh
Okawaru
Qazlal
Ru
Sif Muna
Uskayaw
Vehumet
Xom
Yredelemnul
Zin
The Shining One

Shops:
D:5 *[

Annotations:
D:8 1 runed translucent door, SamuraiZach's ghost, novice TrBe


Innate Abilities, Weirdness & Mutations

You reflexively headbutt those who attack you in melee.
You have a pair of horns on your head.
Your mind is acute. (Int +2)
Armour fits poorly on your strangely shaped body.
You are robust. (+10% HP)


Message History

The orc warrior hits you with a +0 hand axe!
* * * LOW HITPOINT WARNING * * *
The death yak closely misses you. The orc wizard barely misses you.
You sock the orc wizard! Your headbutt misses the orc wizard.
The orc wizard is almost dead.
The orc wizard misses you. The orc priest barely misses you.
The death yak gores you!
* * * LOW HITPOINT WARNING * * *
The orc warrior hits you with a +0 hand axe!
* * * LOW HITPOINT WARNING * * *
You hit the orc warrior.
You headbutt the orc warrior, but do no damage.
The orc warrior is heavily wounded.
The orc wizard hits you but does no damage.
You bump into the rock wall.
You recover from your berserk rage.
The orc wizard hits you with a +0 dagger of speed.
* * * LOW HITPOINT WARNING * * *
The death yak gores you!
You die...

#.#.##......#####.......####..(
#..........^# #.......# ..#
###.##......# #.......# ..#
#.#.......# #.......# ###
#.#....########.......#
#.#....# #.....###### #.##...#
#.....# #.##...# #.Y...# #.#
...# #@o...# #.# #+######oo...#
#.# #........[...# #.#
#..........# #.# #..........#
#.# #.........=# #.#
#..........# .... #.#
#.....#'#### .... #.# #.....#.#
#...


You could see a death yak, an orc warrior, an orc priest and an orc wizard
(fast).

Vanquished Creatures
  4 death yaks (D:8)
  Maurice (D:8)
  Grinder (D:5)
  Prince Ribbit (D:6)
  A hippogriff (D:7)
  An ice beast (D:5)
  A sky beast (D:7)
  3 orc warriors
  A phantom (D:4)
  A centaur (D:7)
  2 ogres (D:5)
  2 bullfrogs
  A water moccasin skeleton (D:4)
  2 scorpions
  11 wights
  A howler monkey (D:4)
  4 crimson imps
  3 bullfrog zombies
  2 hounds (D:4)
  3 jellies
  6 orc priests
  A bullfrog skeleton (D:4)
  A centaur skeleton (D:6)
  An iguana (D:5)
  5 worker ants
  10 orc wizards
  A worker ant zombie (D:7)
  12 gnolls
  9 adders
  A shadow imp (D:6)
  2 oozes
  A worm (D:2)
  3 dart slugs
  A leopard gecko (D:4)
  25 orcs
  3 giant cockroaches
  10 hobgoblins
  13 jackals
  2 quokkas
  3 ball pythons
  5 bats
  4 frilled lizards
  19 goblins
  3 kobolds
  A leopard gecko skeleton (D:4)
  6 rats
  A butterfly (D:4)
195 creatures vanquished.

Vanquished Creatures (collateral kills)
  2 death yaks (D:8)
2 creatures vanquished.

Vanquished Creatures (others)
  An orc priest (D:6)
  2 orc wizards (D:6)
  A howler monkey skeleton (D:6)
  An ooze (D:6)
  2 orcs (D:6)
  A quokka skeleton (D:6)
8 creatures vanquished.

Grand Total: 205 creatures vanquished

Notes
Turn   | Place    | Note
-------+----------+-------------------------------------------
     0 | D:1      | Morg0th the Minotaur Berserker began the quest for the Orb.
     0 | D:1      | Reached XP level 1. HP: 19/19 MP: 0/0
    63 | D:1      | Reached skill level 4 in Fighting
    63 | D:1      | Reached skill level 4 in Maces & Flails
    63 | D:1      | Reached XP level 2. HP: 27/27 MP: 1/1
   503 | D:1      | Reached ** piety under Trog
   503 | D:1      | Reached XP level 3. HP: 30/34 MP: 2/2
  1869 | D:2      | Found a snail-covered altar of Cheibriados.
  1869 | D:2      | Found a stormy altar of Qazlal.
  1870 | D:2      | Found a shadowy altar of Dithmenos.
  1870 | D:2      | Found a hide-covered altar of Uskayaw.
  1880 | D:2      | Reached skill level 5 in Fighting
  1880 | D:2      | Reached XP level 4. HP: 40/42 MP: 3/3
  1919 | D:2      | Found a glowing golden altar of the Shining One.
  1936 | D:2      | Found a white marble altar of Elyvilon.
  2546 | D:3      | Reached skill level 5 in Maces & Flails
  2546 | D:3      | Reached skill level 3 in Armour
  2657 | D:3      | You fall into a shaft and drop 2 floors!
  2657 | D:5      | Entered Level 5 of the Dungeon
  2691 | D:4      | Reached XP level 5. HP: 37/48 MP: 4/4
  2873 | D:3      | Found an ancient bone altar of Kikubaaqudgha.
  2901 | D:3      | Reached skill level 6 in Maces & Flails
  3351 | D:4      | Reached XP level 6. HP: 57/57 MP: 5/5
  3507 | D:3      | You fall into a shaft and drop 2 floors!
  3511 | D:5      | Found Efiy's Antique Armour Shoppe.
  4172 | D:4      | Found a staircase to the Ecumenical Temple.
  4183 | Temple   | Entered the Ecumenical Temple
  4390 | D:4      | Reached skill level 4 in Armour
  4546 | D:4      | Reached skill level 6 in Fighting
  4546 | D:4      | Reached skill level 7 in Maces & Flails
  4587 | D:4      | Reached XP level 7. HP: 57/63 MP: 6/6
  4636 | D:4      | Reached *** piety under Trog
  4640 | D:4      | Reached skill level 5 in Armour
  5031 | D:4      | Gained mutation: Armour fits poorly on your strangely
                  | shaped body. [potion of mutation]
  5031 | D:4      | Gained mutation: Your mind is acute. (Int +2) [potion of
                  | mutation]
  5031 | D:4      | Gained mutation: You are robust. (+10% HP) [potion of
                  | mutation]
  5051 | D:5      | Reached skill level 8 in Maces & Flails
  5594 | D:5      | Reached skill level 6 in Armour
  5594 | D:5      | Reached XP level 8. HP: 78/78 MP: 7/7
  5611 | D:5      | Reached skill level 9 in Maces & Flails
  6007 | D:5      | Reached skill level 7 in Fighting
  6077 | D:6      | Noticed Prince Ribbit
  6146 | D:5      | Found Zucrod's General Store.
  6515 | D:5      | Noticed Grinder
  6516 | D:5      | Paralysed by Grinder for 2 turns
  6525 | D:5      | Killed Grinder
  6525 | D:5      | Reached skill level 10 in Maces & Flails
  6642 | D:6      | Killed Prince Ribbit
  6935 | D:5      | Reached skill level 11 in Maces & Flails
  7038 | D:6      | Reached XP level 9. HP: 89/89 MP: 8/8
  7321 | D:6      | Reached skill level 8 in Fighting
  7363 | D:6      | Reached **** piety under Trog
  8179 | D:7      | Reached skill level 12 in Maces & Flails
  8637 | D:7      | Reached skill level 9 in Fighting
  9058 | D:7      | Reached skill level 13 in Maces & Flails
  9312 | D:8      | Found a runed translucent gate.
  9312 | D:8      | Noticed SamuraiZach's ghost (novice TrBe)
  9410 | D:8      | Noticed a death yak
  9410 | D:8      | Noticed a death yak
  9411 | D:8      | Noticed Maurice
  9457 | D:8      | Killed a death yak
  9457 | D:8      | Reached XP level 10. HP: 102/102 MP: 9/9
  9463 | D:8      | Killed a death yak
  9463 | D:8      | Reached skill level 10 in Fighting
  9479 | D:8      | Killed Maurice
  9479 | D:8      | Reached skill level 14 in Maces & Flails
  9647 | D:8      | Noticed a death yak
  9648 | D:8      | Noticed a death yak
  9649 | D:8      | Noticed a death yak
  9649 | D:8      | Noticed a death yak
  9690 | D:8      | Killed a death yak
  9703 | D:8      | Killed a death yak
  9703 | D:8      | Reached skill level 11 in Fighting
  9705 | D:8      | Noticed a death yak
  9714 | D:8      | Killed a death yak
  9718 | D:8      | Killed a death yak
  9718 | D:8      | Reached skill level 15 in Maces & Flails
  9735 | D:8      | HP: 3/105 [orc warrior/+0 hand axe (10)]
  9737 | D:8      | Mangled by a death yak

Illustrated notes

Levels and vault maps discovered:
D:1:      mainiacjoe_arrival_reflecting_pool, layout_basic
D:2:      layout_loops_ring, grunt_temple_overflow_open, uniq_robin
D:3:      layout_basic, kiku_gazebo_pond_becter
D:4:      minmay_opposing_rooms, layout_cave_pools,
          minmay_temple_entry_butterflies, first_ration, serial_bayou_crossing
D:5:      layout_loops_cross, serial_shops, shop, nicolae_shop_crystal,
          serial_bayou, serial_bayou_lagoon_a, serial_bayou_pond_d,
          serial_bayou_lake_a, serial_bayou_pond_a, uniq_grinder
D:6:      layout_cave_pools, lemuel_flamethrower_2, uniq_prince_ribbit1
D:7:      layout_basic, enter_bailey_3
D:8:      layout_basic, kennysheep_mini, dpeg_lair_monsters,
          ebering_ghost_rock_garden, uniq_maurice
D:9:      layout_roguey, tgw_trog, uniq_grum
Temple:   nicolae_temple_figure_eight

Skill      XL: |  1  2  3  4  5  6  7  8  9 10 |
---------------+-------------------------------+-----
Fighting       | 4 5 6 7 9 11 | 11.3
Maces & Flails | 4 5 6 7 8 11 13 15 | 15.1
Armour         | 3 4 6 |  6.4
Dodging        | |  2.1

Action                   |  1- 3 |  4- 6 |  7- 9 | 10-12 || total
-------------------------+-------+-------+-------+-------++-------
Melee: Mace              |    75 |   131 |   315 |    40 ||   561
       Headbutt          |    11 |    27 |    89 |    13 ||   140
Throw: Dart              |       |       |     7 |       ||     7
Invok: Berserk           |       |     2 |     5 |     1 ||     8
       Trog's Hand       |       |       |     2 |     1 ||     3
       Brothers in Arms  |       |       |       |     1 ||     1
  Use: Scroll            |     3 |     8 |     8 |       ||    19
       Potion            |     3 |       |     1 |     1 ||     5
  Eat: Chunk             |     2 |    11 |    17 |       ||    30
       Ration            |       |       |     1 |     1 ||     2
Armor: Animal skin       |    10 |       |       |       ||    10
       Leather armour    |     1 |       |       |       ||     1
       Ring mail         |       |    68 |    70 |    10 ||   148
Dodge: Dodged            |    45 |    87 |   134 |    13 ||   279
Block: Other             |       |     3 |    63 |       ||    66
       Reflection        |       |       |     3 |       ||     3
